 Dungeon Crawl Stone Soup version 0.28.0-45-g0d030f2227 (webtiles) character file.

Game seed: 13290482032550895476

749 NinjaNoafa the Cruncher (level 7, -13/51 HPs)
             Began as a Gnoll Wanderer on Apr 11, 2022.
             Was a Believer of Wu Jian.
             Killed from afar by Dowan (26 damage)
             ... with a shard of ice
             ... on level 5 of the Dungeon.
             The game lasted 00:09:44 (5554 turns).

NinjaNoafa the Cruncher (Gnoll Wanderer)            Turns: 5554, Time: 00:09:45

Health: -13/51     AC: 12    Str: 12      XL:     7   Next: 77%
Magic:  12/12      EV: 10    Int:  4 (6)  God:    Wu Jian [**....]
Gold:   165        SH:  0    Dex: 19      Spells: 12/13 levels left

rFire   . . .      SeeInvis +   a - +2 quarterstaff
rCold   . . .      Faith    .   (shield currently unavailable)
rNeg    . . .      Spirit   .   w - +0 scale mail
rPois   +          Reflect  .   d - +1 helmet
rElec   .          Harm     .   b - +0 cloak
rCorr   .          Rampage  .   r - +1 pair of gloves "Girug" {rPois Int-5 Dex+6 SInv}
Will    .....                   (no boots)
Stlth   ++........              (no amulet)
HPRegen 0.17/turn               (no ring)
MPRegen 0.13/turn               (no ring)

@: no status effects
A: fangs 1, strong nose, distributed training, talons 1, deterioration 1
a: Renounce Religion, Wall Jump


You were on level 5 of the Dungeon.
You worshipped Wu Jian.
Wu Jian was pleased with you.
You visited 1 branch of the dungeon, and saw 5 of its levels.

You collected 165 gold pieces.

Inventory:

Hand Weapons
 a - a +2 quarterstaff (weapon)
 i - a +1 vorpal flail
 j - a +1 vampiric whip
 o - a +0 hunting sling
Missiles
 f - 2 javelins (quivered)
 h - 153 stones
 t - 5 sling bullets
 u - 4 poisoned darts
Armour
 b - a +0 cloak (worn)
 c - a +0 robe
 d - a +1 helmet (worn)
 r - the +1 pair of gloves "Girug" (worn) {rPois Int-5 Dex+6 SInv}
   (You found it on level 3 of the Dungeon)

   Int:       It affects your intelligence (-5).
   Dex:       It affects your dexterity (+6).
   rPois:     It protects you from poison.
   SInv:      It lets you see invisible.
 v - a +0 cloak
 w - a +0 scale mail (worn)
Wands
 g - a wand of flame (14)
Scrolls
 e - a scroll of fog
 k - a scroll of blinking {unknown}
 l - 3 scrolls of identify {unknown}
 m - a scroll of holy word {unknown}
 p - a scroll of summoning {unknown}
 q - a scroll of enchant weapon {unknown}
 s - a scroll of vulnerability {unknown}
 y - a scroll of silence {unknown}
Potions
 n - a potion of ambrosia
 x - 2 potions of heal wounds


   Skills:
 + Level 2.7 Fighting
 + Level 2.7 Short Blades
 + Level 2.7 Long Blades
 + Level 2.7 Axes
 + Level 2.7 Maces & Flails
 + Level 2.7 Polearms
 + Level 9.0 Staves
 + Level 2.7 Slings
 + Level 2.7 Bows
 + Level 2.7 Crossbows
 + Level 2.7 Throwing
 + Level 3.8 Armour
 + Level 2.7 Dodging
 + Level 5.0 Stealth
 + Level 2.7 Shields
 + Level 2.7 Unarmed Combat
 + Level 3.9 Spellcasting
 + Level 2.2 Conjurations
 + Level 4.4 Hexes
 + Level 2.2 Summonings
 + Level 2.2 Necromancy
 + Level 2.2 Translocations
 + Level 2.2 Transmutations
 + Level 2.2 Fire Magic
 + Level 2.2 Ice Magic
 + Level 2.2 Air Magic
 + Level 2.2 Earth Magic
 + Level 2.2 Poison Magic
 + Level 3.0 Invocations
 + Level 2.7 Evocations


You had 12 spell levels left.
You knew the following spells:

 Your Spells              Type           Power      Damage    Failure   Level
a - Slow                  Hex            16%        N/A       30%         1

Your spell library contained the following spells:

 Spells                   Type           Power      Damage    Failure   Level
 Animate Skeleton         Necr           4%         N/A       58%         1
 Beastly Appendage        Tmut           4%         N/A       58%         1
 Pain                     Necr           8%         1d4       58%         1
 Ensorcelled Hibernation  Hex/Ice        6%         N/A       58%         2
 Wereblood                Tmut           2%         N/A       75%         2
 Portal Projectile        Hex/Tloc       6%         N/A       82%         3
 Spider Form              Tmut/Pois      2%         N/A       92%         3
 Vampiric Draining        Necr           2%         2d6       92%         3
 Anguish                  Hex/Necr       1%         N/A       99%         4


Dungeon Overview and Level Annotations

Branches:
Dungeon (5/15)
 Temple: D:4-7

Altars:
Vehumet
Wu Jian
Xom
Zin

Annotations:
D:5 Dowan


Innate Abilities, Weirdness & Mutations

You have very sharp teeth.
Your uncanny sense of smell can sniff out nearby items.
Your experience applies equally to all skills.
You have sharp toenails.
Your body sometimes deteriorates upon taking damage.


Message History

Dowan hits you with a +0 dagger. Duvessa hits you with a +0 short sword.
You barely miss Duvessa. You claw Duvessa, but do no damage.
Duvessa is heavily wounded.
The bullfrog zombie misses you. Dowan hits you but does no damage.
Duvessa hits you with a +0 short sword.
You hit the bullfrog zombie but do no damage.
You bite the bullfrog zombie.
The bullfrog zombie is almost destroyed.
The bullfrog zombie hits you but does no damage.
You hit Duvessa but do no damage. You claw Duvessa, but do no damage.
Duvessa is heavily wounded.
Dowan gestures at Duvessa while chanting.
Duvessa seems to speed up.
Duvessa hits you with a +0 short sword.
The bullfrog zombie hits you but does no damage.
You sock the bullfrog zombie!
You destroy the bullfrog zombie!
The Council accepts your kill.
Duvessa says, "When magic and the sword combine, nothing stands against them."
Duvessa hits you with a +0 short sword. Dowan hits you but does no damage.
Your Invocations skill increases to level 3!
You hit Duvessa. You claw Duvessa, but do no damage.
You bite Duvessa, but do no damage.
Duvessa is heavily wounded.
Duvessa hits you with a +0 short sword.
Your body deteriorates!
You feel dopey. Dowan hits you but does no damage.
Duvessa hits you with a +0 short sword.
You sock Duvessa! You claw Duvessa.
Duvessa is almost dead.
Duvessa hits you with a +0 short sword.
* * * LOW HITPOINT WARNING * * *
Dowan misses you.
You hit Duvessa. You claw Duvessa.
You kill Duvessa!
The Council accepts your kill.
Dowan seems overcome with grief.
Dowan seems to find hidden reserves of power!
Dowan gestures at you while chanting. The shard of ice hits you!!
Ouch! That really hurt!
You die...

# ####
...#...####
......e.#.#
......)@..##
....)...#..#
...#...##..# ##
#####..####
..##........#
#...
...........#
...
###........#
.^##..........#
....
.............##


You could see Dowan (fast).

Vanquished Creatures
  Duvessa (D:5)
  A sky beast (D:5)
  An ogre (D:4)
  2 scorpions (D:5)
  A water moccasin skeleton (D:4)
  A bullfrog zombie (D:5)
  A jelly (D:4)
  Ijyb (D:3)
  An iguana (D:5)
  4 orc wizards (D:4)
  A hound zombie (D:5)
  Robin (D:3)
  A gnoll (D:1)
  3 adders
  3 ufetubi
  2 adder skeletons
  2 worms
  2 dart slugs
  14 orcs
  6 endoplasms
  3 giant cockroaches
  13 goblins
  9 hobgoblins
  3 jackals (D:2)
  4 quokkas
  7 ball pythons
  5 bats
  3 frilled lizards
  6 kobolds
  8 rats
110 creatures vanquished.

Vanquished Creatures (others)
  3 plants (D:5)
3 creatures vanquished.

Grand Total: 113 creatures vanquished

Notes
Turn   | Place    | Note
-------+----------+-------------------------------------------
     0 | D:1      | NinjaNoafa the Gnoll Wanderer began the quest for the Orb.
     0 | D:1      | NinjaNoafa set off with the following items: a +2
                  | quarterstaff, a +0 cloak, a +0 robe; and the following
                  | spell memorised: Slow; and the following spells available
                  | to memorise: Portal Projectile
     0 | D:1      | Reached XP level 1. HP: 13/13 MP: 4/4
   175 | D:1      | Reached XP level 2. HP: 19/19 MP: 5/5
   347 | D:1      | Found a faded altar of an unknown god.
   730 | D:1      | Reached XP level 3. HP: 20/25 MP: 5/7
  1066 | D:2      | Reached skill level 1 in Invocations
  2087 | D:2      | Reached skill level 1 in Fighting
  2087 | D:2      | Reached skill level 1 in Short Blades
  2087 | D:2      | Reached skill level 1 in Long Blades
  2087 | D:2      | Reached skill level 1 in Axes
  2087 | D:2      | Reached skill level 1 in Maces & Flails
  2087 | D:2      | Reached skill level 1 in Polearms
  2087 | D:2      | Reached skill level 1 in Slings
  2087 | D:2      | Reached skill level 1 in Bows
  2087 | D:2      | Reached skill level 1 in Crossbows
  2087 | D:2      | Reached skill level 1 in Throwing
  2087 | D:2      | Reached skill level 1 in Dodging
  2087 | D:2      | Reached skill level 1 in Shields
  2087 | D:2      | Reached skill level 1 in Unarmed Combat
  2087 | D:2      | Reached skill level 1 in Evocations
  2306 | D:3      | Reached XP level 4. HP: 22/32 MP: 8/8
  2542 | D:3      | Noticed Ijyb
  2563 | D:3      | Killed Ijyb
  2610 | D:3      | Found an ornate altar of the Wu Jian Council.
  2617 | D:3      | Became a worshipper of the Wu Jian Council
  2780 | D:3      | Reached skill level 1 in Conjurations
  2780 | D:3      | Reached skill level 1 in Summonings
  2780 | D:3      | Reached skill level 1 in Necromancy
  2780 | D:3      | Reached skill level 1 in Translocations
  2780 | D:3      | Reached skill level 1 in Transmutations
  2780 | D:3      | Reached skill level 1 in Fire Magic
  2780 | D:3      | Reached skill level 1 in Ice Magic
  2780 | D:3      | Reached skill level 1 in Air Magic
  2780 | D:3      | Reached skill level 1 in Earth Magic
  2780 | D:3      | Reached skill level 1 in Poison Magic
  2905 | D:3      | Identified the +1 pair of gloves "Girug" {rPois Int-5 Dex+6
                  | SInv}
  3172 | D:3      | Noticed Robin
  3180 | D:3      | Gained mutation: You have sharp toenails. [potion of
                  | mutation]
  3180 | D:3      | Gained mutation: Your body sometimes deteriorates upon
                  | taking damage. [potion of mutation]
  3188 | D:3      | Reached XP level 5. HP: 7/37 MP: 9/9
  3211 | D:3      | Killed Robin
  4126 | D:4      | Found a glowing silver altar of Zin.
  4230 | D:4      | Reached * piety under Wu Jian
  4323 | D:4      | Reached XP level 6. HP: 35/44 MP: 9/11
  5021 | D:4      | Found a sparkling altar of Nemelex Xobeh.
  5039 | D:4      | Reached XP level 7. HP: 50/50 MP: 12/12
  5078 | D:4      | Found a glowing golden altar of the Shining One.
  5078 | D:4      | Found a radiant altar of Vehumet.
  5092 | D:4      | Found a burning altar of Makhleb.
  5092 | D:4      | Found a blossoming altar of Fedhas.
  5092 | D:4      | Found a shimmering altar of Xom.
  5209 | D:5      | Entered Level 5 of the Dungeon
  5461 | D:5      | Reached ** piety under Wu Jian
  5530 | D:5      | Noticed Duvessa
  5531 | D:5      | Noticed Dowan
  5538 | D:5      | Reached skill level 9 in Staves
  5538 | D:5      | Reached skill level 5 in Stealth
  5554 | D:5      | Killed Duvessa
  5554 | D:5      | Killed from afar by Dowan

Illustrated notes

Levels and vault maps discovered:
D:1:      saegor_arrival_simple_b, layout_loops_ring,
          shapermc_ecumenical_altar_ellora
D:2:      layout_loops_ring, skrybe_limestone_x, minmay_3d_cube
D:3:      layout_basic, lemuel_round_altar, serial_curves, eino_curves_03,
          eino_curves_03, kennysheep_decorative_pillar, minmay_surrounded,
          uniq_robin, uniq_ijyb
D:4:      layout_rooms, doesnt_xom_only_xom, mainiacjoe_overflow_tiny_flanked
D:5:      layout_cave_pools, marbit_many_paths,
          minmay_temple_entry_gardened_gates, solitary_fountain,
          chequers_big_river, grunt_ministairs_11, feat_on_display,
          uniq_duvessa, uniq_pikel

Skill      XL: |  1  2  3  4  5  6  7 |
---------------+----------------------+-----
Invocations    | 1 2 3 |  3.0
Fighting       | 1 2 |  2.7
Short Blades   | 1 2 |  2.7
Long Blades    | 1 2 |  2.7
Axes           | 1 2 |  2.7
Maces & Flails | 1 2 |  2.7
Polearms       | 1 2 |  2.7
Slings         | 1 2 |  2.7
Bows           | 1 2 |  2.7
Crossbows      | 1 2 |  2.7
Throwing       | 1 2 |  2.7
Dodging        | 1 2 |  2.7
Shields        | 1 2 |  2.7
Unarmed Combat | 1 2 |  2.7
Evocations     | 1 2 |  2.7
Spellcasting   | 3 |  3.9
Conjurations   | 1 2 |  2.2
Summonings     | 1 2 |  2.2
Necromancy     | 1 2 |  2.2
Translocations | 1 2 |  2.2
Transmutations | 1 2 |  2.2
Fire Magic     | 1 2 |  2.2
Ice Magic      | 1 2 |  2.2
Air Magic      | 1 2 |  2.2
Earth Magic    | 1 2 |  2.2
Poison Magic   | 1 2 |  2.2
Armour         | 3 |  3.8
Hexes          | 4 |  4.4
Staves         | 9 |  9.0
Stealth        | 5 |  5.0

Action                   |  1- 3 |  4- 6 |  7- 9 || total
-------------------------+-------+-------+-------++-------
Melee: Quarterstaff      |    81 |    79 |    54 ||   214
       Bite              |     1 |     7 |     6 ||    14
       Kick              |       |    10 |    19 ||    29
 Fire: Hunting sling     |     9 |   129 |       ||   138
Throw: Javelin           |     4 |     1 |       ||     5
 Cast: Slow              |     3 |     5 |       ||     8
Invok: Lunge             |       |     9 |     4 ||    13
       Whirlwind         |       |     1 |       ||     1
  Use: Potion            |       |     9 |       ||     9
       Scroll            |       |     1 |       ||     1
 Stab: Sleeping          |     5 |     3 |       ||     8
Armor: Robe              |    21 |    40 |       ||    61
       Skin              |       |     5 |     2 ||     7
       Scale mail        |       |       |    31 ||    31
Dodge: Dodged            |    44 |    75 |    24 ||   143
